 Dungeon Crawl Stone Soup version 0.29-a0-506-ga2e7fffb44 (webtiles) character file.

Game seed: 14756736591012552113

5995 kyalle the Fighter (level 10, -10/97 HPs)
             Began as a Minotaur Fighter on May 28, 2022.
             Was an Elder of Okawaru.
             Mangled by a large abomination (31 damage)
             ... on level 9 of the Dungeon.
             The game lasted 00:31:15 (8204 turns).

kyalle the Fighter (Minotaur Fighter)               Turns: 8204, Time: 00:31:16

Health: -10/97     AC: 15    Str: 26    XL:     10   Next: 55%
Magic:  9/9        EV: 10    Int:  5    God:    Okawaru [****..]
Gold:   563        SH: 10    Dex:  9    Spells: 9/9 levels left

rFire   . . .      SeeInvis .   w - +2 war axe (vamp)
rCold   . . .      Faith    .   I - +0 kite shield
rNeg    . . .      Spirit   .   f - +0 plate armour
rPois   +          Reflect  .   (helmet restricted)
rElec   .          Harm     .   (no cloak)
rCorr   .          Rampage  .   m - +0 pair of gloves
Will    .....                   (no boots)
Stlth   ..........              (no amulet)
HPRegen 0.26/turn               h - ring of poison resistance
MPRegen 0.11/turn               k - +4 ring of evasion

@: hasted, very quick
A: horns 2, retaliatory headbutt
a: Renounce Religion, Heroism, Finesse


You were on level 9 of the Dungeon.
You worshipped Okawaru.
Okawaru was greatly pleased with you.
You visited 1 branch of the dungeon, and saw 9 of its levels.
You also visited: Ossuary.

You collected 563 gold pieces.

Inventory:

Hand Weapons
 a - a +0 long sword
 n - a +4 whip of draining
 u - a +1 whip of flaming
 w - a +2 vampiric war axe (weapon)
Armour
 f - a +0 plate armour (worn)
 m - a +0 pair of gloves (worn)
 I - a +0 kite shield (worn)
Magical Staves
 e - a staff of air
Jewellery
 h - a ring of poison resistance (left hand)
 i - a +6 ring of intelligence
 k - a +4 ring of evasion (right hand)
 x - a ring of protection from fire
 H - a +6 ring of intelligence
Wands
 l - a wand of flame (14)
 o - a wand of paralysis (10)
 r - a wand of iceblast (15)
 K - a wand of polymorph (5)
Scrolls
 b - a scroll of brand weapon {unknown}
 q - 5 scrolls of teleportation
 y - 2 scrolls of magic mapping
 C - a scroll of poison
 F - 2 scrolls of fear
 G - 2 scrolls of noise
Potions
 c - a potion of berserk rage {unknown}
 d - 2 potions of might
 g - 2 potions of haste
 p - a potion of cancellation
 s - 3 potions of curing
 t - 2 potions of ambrosia {unknown}
 v - a potion of flight {unknown}
 z - 2 potions of mutation {unknown}
 A - 3 potions of lignification {unknown}
 B - 4 potions of resistance
 D - 3 potions of brilliance {unknown}
 E - a potion of magic {unknown}
 J - a potion of attraction {unknown}


   Skills:
 * Level 12.2 Fighting
 - Level 3.2 Long Blades
 * Level 5.1(8.3) Axes
 - Level 10.1(10.6) Maces & Flails
 + Level 9.1 Armour
 + Level 9.0 Shields


You had 9 spell levels left.
You didn't know any spells.
Your spell library contained the following spells:

 Spells                   Type           Power      Damage    Failure   Level
 Magic Dart               Conj           0%         1d3       100%        1
 Ensorcelled Hibernation  Hex/Ice        0%         N/A       100%        2
 Passwall                 Tmut/Erth      0%         N/A       100%        2
 Searing Ray              Conj           0%         2d4       100%        2
 Conjure Flame            Conj/Fire      0%         6-21      100%        3
 Ignite Poison            Fire/Tmut/Pois 0%         N/A       100%        3
 Mephitic Cloud           Conj/Pois/Air  0%         N/A       100%        3
 Ozocubu's Armour         Ice            0%         N/A       100%        3
 Swiftness                Air            0%         N/A       100%        3
 Corpse Rot               Necr/Pois/Air  0%         N/A       100%        4
 Dispel Undead            Necr           0%         3d6       100%        4
 Fulminant Prism          Conj/Hex       0%         3d6       100%        4
 Sticky Flame             Conj/Fire      0%         2d3       100%        4
 Freezing Cloud           Conj/Ice/Air   0%         6-21      100%        5
 Ozocubu's Refrigeration  Ice            0%         4d5       100%        7
 Death Channel            Necr           Unusable   N/A       N/A         6

Dungeon Overview and Level Annotations

Branches:
Dungeon (9/15)             Temple (0/1) D:6            Lair (0/6) D:8
Ossuary (visited)
    Orc: D:9-12

Altars:
Cheibriados
Dithmenos
Fedhas
Gozag
Hepliaklqana
Kikubaaqudgha
Okawaru
Trog
Uskayaw
Yredelemnul
Zin


Innate Abilities, Weirdness & Mutations

You have a pair of horns on your head.
You reflexively headbutt those who attack you in melee.


Message History

You hit the small abomination.
The small abomination is lightly damaged.
You block the small abomination's attack.
You hit the small abomination but do no damage.
Your headbutt misses the small abomination.
The small abomination is lightly damaged.
The small abomination hits you!
* * * LOW HITPOINT WARNING * * *
You slash the small abomination!
The small abomination is heavily damaged.
You block the small abomination's attack.
You slice the small abomination!!
You destroy the small abomination!
Okawaru accepts your kill.
You hear the steady creaking of a portcullis nearby.
You hit the large abomination.
You headbutt the large abomination, but do no damage.
The large abomination is lightly damaged.
The large abomination hits you!!
* * * LOW HITPOINT WARNING * * *
You feel better.
The large abomination closely misses you.
You hit the large abomination.
The large abomination is moderately damaged.
The large abomination closely misses you.
You feel better.
You block the large abomination's attack.
You hit the large abomination. You headbutt the large abomination!
The large abomination is heavily damaged.
The large abomination closely misses you.
You hit the large abomination but do no damage.
The large abomination is heavily damaged.
You hit the large abomination but do no damage.
Your headbutt misses the large abomination.
The large abomination is heavily damaged.
You block the large abomination's attack.
You slash the large abomination!
The large abomination is severely damaged.
The large abomination hits you!!
You die... #..........## xxX.# .#####......# .Xx

## #####..#
#######'## #..#
#........#
##.##
#........# ###
#..# #........#
# ##.##
##.###...X....#
####...##
#...###x######
.##.....##
###..@Xx#
.....#...###
#######
#.)..###.<.#
#....# ##..#
..##..# ##..#
.####.# #..# .
.# ...# . .#
...# . .# ###


You could see 2 large abominations and 2 small abominations.

Vanquished Creatures
  Pikel (D:4)
  A large abomination (D:9)
  Joseph (D:8)
  2 steam dragons
  Menkaure (D:6)
  3 wargs (D:8)
  Duvessa (D:7)
  2 water moccasins
  3 ice beasts
  5 black bears
  3 small abominations (D:9)
  3 phantoms
  3 centaurs
  A lemure (D:4)
  A kobold brigand (D:8)
  A gnoll sergeant (D:6)
  A bullfrog (D:7)
  A necrophage (D:4)
  2 scorpions
  2 water moccasin zombies (Ossuary)
  Dowan (D:7)
  6 killer bees (D:8)
  2 howler monkeys
  A lava snake (D:7)
  8 hounds
  6 jellies
  5 orc priests
  7 orc wizards
  5 iguanas
  Ijyb (D:4)
  2 mummies (Ossuary)
  3 gnolls (D:6)
  6 adders
  A shadow imp (D:5)
  2 ufetubi
  11 adder zombies (Ossuary)
  A worm (D:2)
  3 dart slugs
  20 orcs
  6 ball pythons
  9 endoplasms
  8 goblins
  8 hobgoblins
  6 jackals
  2 quokkas (D:1)
  6 bats
  6 frilled lizards
  2 gnoll zombies (Ossuary)
  2 hobgoblin zombies (Ossuary)
  17 kobolds
  3 kobold zombies (Ossuary)
  8 orc zombies (Ossuary)
  2 rats (D:1)
214 creatures vanquished.

Vanquished Creatures (others)
  A wizard (D:9)
  A ball python (D:1)
  An endoplasm (D:1)
  2 plants (D:8)
5 creatures vanquished.

Grand Total: 219 creatures vanquished

Notes
Turn   | Place    | Note
-------+----------+-------------------------------------------
     0 | D:1      | kyalle the Minotaur Fighter began the quest for the Orb.
     0 | D:1      | Reached XP level 1. HP: 19/19 MP: 0/0
   357 | D:1      | Reached XP level 2. HP: 26/27 MP: 1/1
   416 | D:1      | Reached skill level 4 in Fighting
  1037 | D:2      | Reached XP level 3. HP: 33/33 MP: 2/2
  1820 | D:3      | Reached skill level 8 in Fighting
  1820 | D:3      | Reached XP level 4. HP: 49/49 MP: 3/3
  1849 | D:3      | Reached XP level 5. HP: 31/56 MP: 4/4
  2044 | D:3      | Found an iron altar of Okawaru.
  2057 | D:3      | Became a worshipper of Warmaster Okawaru
  2476 | D:4      | Reached XP level 6. HP: 45/62 MP: 5/5
  2614 | D:4      | Noticed Ijyb
  2627 | D:4      | Killed Ijyb
  2722 | D:4      | Noticed Pikel
  2767 | D:4      | Killed Pikel
  2767 | D:4      | Reached * piety under Okawaru
  2768 | D:4      | Reached skill level 9 in Fighting
  2768 | D:4      | Reached XP level 7. HP: 41/70 MP: 6/6
  2940 | D:4      | Reached ** piety under Okawaru
  2941 | D:4      | Reached XP level 8. HP: 71/78 MP: 7/7
  3318 | D:5      | Entered Level 5 of the Dungeon
  3525 | D:5      | Found a snail-covered altar of Cheibriados.
  3696 | D:5      | Reached skill level 10 in Fighting
  3892 | D:5      | Found a blossoming altar of Fedhas.
  3915 | D:5      | Found a glowing silver altar of Zin.
  4099 | D:6      | Found a bloodstained altar of Trog.
  4106 | D:6      | Reached *** piety under Okawaru
  4107 | D:6      | Reached XP level 9. HP: 51/86 MP: 8/8
  4306 | D:6      | Found a staircase to the Ecumenical Temple.
  4423 | D:6      | Found a sand-covered staircase.
  4428 | Ossuary  | Entered an ossuary
  4755 | D:6      | Noticed Menkaure
  4763 | D:6      | Killed Menkaure
  4958 | D:6      | Found a shadowy altar of Dithmenos.
  5145 | D:6      | Found an ancient bone altar of Kikubaaqudgha.
  5159 | D:6      | Found a hazy altar of Hepliaklqana.
  5183 | D:6      | Found an opulent altar of Gozag.
  5342 | D:7      | Noticed Dowan
  5348 | D:7      | Noticed Duvessa
  5356 | D:7      | Killed Duvessa
  5357 | D:7      | Killed Dowan
  5358 | D:7      | Reached skill level 10 in Maces & Flails
  5474 | D:7      | Reached skill level 11 in Fighting
  5492 | D:7      | Reached **** piety under Okawaru
  5655 | D:7      | Found a hide-covered altar of Uskayaw.
  5706 | D:7      | Reached skill level 1 in Axes
  6720 | D:7      | Found a basalt altar of Yredelemnul.
  6833 | D:8      | Found a staircase to the Lair.
  6842 | D:8      | Reached XP level 10. HP: 71/96 MP: 9/9
  7262 | D:8      | Noticed Joseph
  7272 | D:8      | Killed Joseph
  7909 | D:9      | Noticed a wizard
  7921 | D:9      | Killed a wizard
  7922 | D:9      | Reached skill level 12 in Fighting
  8172 | D:9      | Noticed a large abomination
  8172 | D:9      | Noticed a large abomination
  8172 | D:9      | Noticed a large abomination
  8187 | D:9      | Killed a large abomination
  8188 | D:9      | Reached skill level 5 in Axes
  8191 | D:9      | Noticed a large abomination
  8197 | D:9      | HP: 3/97 [large abomination (19)]
  8204 | D:9      | Mangled by a large abomination

Illustrated notes

Levels and vault maps discovered:
D:1:      sevenhm_arrival_forest_fort_small_3, layout_basic, lemuel_flame_loot_1
D:2:      layout_loops_cross
D:3:      layout_basic, okawaru_gym_becter
D:4:      layout_cave_pools, uniq_pikel, uniq_ijyb
D:5:      layout_cave_pools, kennysheep_slug_shrine, lemuel_tele_altar,
          mainiacjoe_overflow_24_doors, minmay_increasing_density
D:6:      layout_basic, lemuel_round_altar, trog_ov_bears_minmay,
          mainiacjoe_overflow_swirl, grunt_dithmenos_smoke_and_mirrors,
          minmay_temple_entry_statues_fountains, nicolae_ossuary_entry_plus,
          uniq_menkaure
D:7:      minmay_spotlight, layout_layer_cave, kennysheep_mini,
          nicolae_uskayaw_suspiria, uniq_duvessa
D:8:      layout_loops_ring, erik_lair_orcish_takeover, uniq_joseph
D:9:      layout_layer_cave, mainiacjoe_overflow_alcove_2, zombieorc2_lemuel,
          enter_bailey_2, laboratory

Skill      XL: |  1  2  3  4  5  6  7  8  9 10 |
---------------+-------------------------------+-----
Fighting       | 4 8 9 10 11 12 | 12.2
Long Blades    | 3 |  3.2
Shields        | 6 7 8 9 |  9.0
Armour         | 6 7 8 9 |  9.1
Maces & Flails | 7 8 9 10 | 10.1
Axes           | 2 5 |  5.1

Action                   |  1- 3 |  4- 6 |  7- 9 | 10-12 || total
-------------------------+-------+-------+-------+-------++-------
Melee: Long sword        |    56 |       |       |       ||    56
       Headbutt          |     9 |    14 |    55 |    21 ||    99
       Whip              |    17 |   108 |   259 |       ||   384
       War axe           |       |       |    41 |   111 ||   152
Evoke: Wand              |       |     1 |       |       ||     1
  Use: Scroll            |     3 |     3 |     8 |     3 ||    17
       Potion            |     1 |       |     1 |     3 ||     5
Armor: Scale mail        |    37 |    51 |    55 |       ||   143
       Plate armour      |       |       |    62 |    58 ||   120
Dodge: Dodged            |    44 |    67 |   129 |    46 ||   286
Block: Buckler           |    18 |    26 |    47 |       ||    91
       Kite shield       |       |       |    38 |    53 ||    91

Table legend: (Time is in decaauts)
 A = Elapsed time spent in this place.
 B = Non-inter-level travel time spent in this place.
 C = Inter-level travel time spent in this place.
 D = Time resting spent in this place.
 E = Time spent auto-exploring this place.
 F = Levels seen in this place.
 G = Mean time per level.
                   A        B        C        D        E       F      G
               +--------+--------+--------+--------+--------+-----+--------+
         Total |   8146 |   7843 |    303 |    100 |   5783 |  10 |  814.6 |
       Dungeon |   7982 |   7679 |    303 |    100 |   5783 |   9 |  886.9 |
       Ossuary |    164 |    164 |      0 |      0 |      0 |   1 |  164.0 |
               +--------+--------+--------+--------+--------+-----+--------+

Top non-repeatable levels by time:
     D:7: 1534 daAuts
     D:6: 1059 daAuts
     D:1: 1040 daAuts
     D:8: 994 daAuts
     D:4: 863 daAuts
     D:2: 791 daAuts
     D:5: 728 daAuts
     D:3: 609 daAuts
     D:9: 360 daAuts
 Ossuary: 164 daAuts
